 Dungeon Crawl Stone Soup version 0.31-a0-164-g2312942fda (webtiles) character file.

Game seed: 5441920987735037126

113143 qw the Severer (level 16, -8/104 HPs)
             Began as a Gargoyle Fighter on June 13, 2023.
             Was an Elder of Okawaru.
             Killed by divine providence
             ... invoked by an orc priest
              (17 damage)
             ... on level 2 of the Orcish Mines.
             The game lasted 00:12:49 (21183 turns).

qw the Severer (Gargoyle Fighter)                  Turns: 21183, Time: 00:12:49

Health: -8/104     AC: 38    Str: 30      XL:     16   Next: 62%
Magic:  23/23      EV: 14    Int:  9 (10) God:    Okawaru [****..]
Gold:   1977       SH: 21    Dex: 15      Spells: 15/15 levels left

rFire   . . .        v - +16 obsidian axe {drain, demonic, Mesm Drain Fly SInv}
rCold   . . .        E - +1 kite shield {rN+}
rNeg    + + .        A - +8 chain mail of the Iron City of Dis {Contam rPois Will+}
rPois   inf          (helmet restricted)
rElec   +            C - +0 cloak
rCorr   +            G - +0 pair of gloves {Str+3}
SInv    +            z - +0 pair of boots
Will    +++..        l - amulet of reflection Stlth
                     o - ring of resist corrosion
HPRegen 0.37/turn    w - +6 ring of dexterity
MPRegen 0.18/turn

%: reflection
@: about to teleport, heroic, flying, mesmerised
A: sickness immunity, AC +12, big wings, negative energy resistance 1,
electricity resistance, torment resistance 1, petrification resistance, horns 1,
strong-willed 1
a: Renounce Religion, Heroism, Finesse


You were on level 2 of the Orcish Mines.
You worshipped Okawaru.
Okawaru was greatly pleased with you.
You visited 4 branches of the dungeon, and saw 23 of its levels.
You also visited: Ossuary.

You collected 2194 gold pieces.
You spent 217 gold pieces at shops.


Innate Abilities, Weirdness & Mutations

You are immune to sickness and miasma.
Your stone body is resilient. (AC +12)
You are immune to poison.
Your large and strong wings let you fly.
You resist negative energy. (rN+)
You are resistant to electric shocks. (rElec)
You are resistant to unholy torment.
You are immune to petrification.
You have a pair of small horns on your head.
You are strong-willed. (Will+)


   Skills:
 - Level 13.0(18.0) Fighting
 + Level 17.7(22.7) Axes
 - Level 7.1(12.1) Throwing
 - Level 10.0(15.0) Armour
 - Level 5.0(10.0) Dodging
 - Level 13.0(18.0) Shields
 - Level 10.0 Invocations


You had 15 spell levels left.
You didn't know any spells.
Your spell library was empty.

Inventory:

Hand Weapons
 g - a +0 morningstar
 v - the +16 obsidian axe (weapon) {drain, demonic, Mesm Drain Fly SInv}
   (Okawaru gifted it to you on level 4 of the Lair of Beasts)

   Mesm:      Its wielder is mesmerised by any visible foes, and it cannot be
   unequipped while any foes are visible.
   SInv:      It lets you see invisible.
   Fly:       It grants you flight.
   Drain:     It drains your maximum health when unequipped.
 y - a +3 antimagic broad axe
 H - a +0 broad axe
Missiles
 c - 14 boomerangs
 F - 2 javelins
Armour
 b - +0 acid dragon scales
 p - a +0 plate armour of fire resistance
 z - a +0 pair of boots (worn)
 A - the +8 chain mail of the Iron City of Dis (worn) {Contam rPois Will+}
   (You found it on level 4 of the Lair of Beasts)

   rPois:     It protects you from poison.
   Contam:    It causes magical contamination when unequipped.
   Will:      It increases your willpower.
 C - a +0 cloak (worn)
 D - the +0 fire dragon scales of Loss {rF++ rC- Regen+}
   (You found it on level 5 of the Lair of Beasts)

   rF:        It greatly protects you from fire.
   rC:        It makes you vulnerable to cold.
   Regen:     It increases your rate of health regeneration.
 E - a +1 kite shield of positive energy (worn)
 G - a +0 pair of gloves of strength (worn)
Jewellery
 f - a ring of fire
 h - a ring of fire
 l - an amulet of reflection (around neck)
 o - a ring of resist corrosion (left hand)
 u - a ring of ice
 w - a +6 ring of dexterity (right hand)
Wands
 B - a wand of digging (2)
Scrolls
 k - 14 scrolls of identify
 t - 6 scrolls of teleportation
Potions
 a - 15 potions of curing
 d - 5 potions of might
 e - 8 potions of attraction
 i - a potion of magic
 j - 7 potions of heal wounds
 m - 5 potions of mutation
 n - 2 potions of cancellation
 q - a potion of resistance
 s - 3 potions of lignification
 x - a potion of haste

Dungeon Overview and Level Annotations

Branches:
Dungeon (15/15)            Temple (1/1) D:4            Lair (5/5) D:10
  Swamp (0/4) Lair:3        Slime (0/5) Lair:5          Orc (2/2) D:12
    Elf (0/3) Orc:2        Vaults (0/5) D:14         Depths (0/4) D:15
Ossuary (visited)
  Snake: Lair:2-3    Spider: Lair:2-3

Altars:
Ashenzari
Cheibriados
Dithmenos
Elyvilon
Fedhas
Gozag
Hepliaklqana
Kikubaaqudgha
Makhleb
Nemelex Xobeh
Okawaru
Qazlal
Ru
Sif Muna
Uskayaw
Vehumet
Wu Jian
Xom
Yredelemnul
Zin
The Shining One
Jiyva

Shops:
D:4 !   D:7 ?:   Orc:2 [(

Annotations:
D:3 exclusion: moth of wrath
Lair:3 exclusion: 2 killer bees
Lair:5 1 runed translucent door, qw's ghost, journeyman GrFi


Message History

An orc comes into view.
It is wielding a +0 hand axe and quivering silver boomerangs.
You chop the orc high priest into pieces!!!
You drain the orc high priest.
You break out of your daze!
You kill the orc high priest!
Okawaru accepts your kill.
You closely miss the orc. You slice the orc priest!!
You kill the orc priest!
Okawaru accepts your kill.
Visions of slaying the orc flood into your mind.
The orc priest closely misses you. You block the orc's attack.
You slash the orc!
You are no longer entranced.
You kill the orc!
You slash the orc!
You kill the orc!
Visions of slaying the orc priest flood into your mind.
You slash the neqoxec!
You headbutt the neqoxec, but do no damage.
The neqoxec is severely wounded.
Visions of slaying the neqoxec flood into your mind.
The orc priest barely misses you. You block the neqoxec's attack.
You slice the neqoxec!!
You break out of your daze!
You kill the neqoxec!
The neqoxec disappears in a puff of smoke!
You slash the orc priest! You drain the orc priest.
Visions of slaying the orc priest flood into your mind.
The orc priest invokes the aid of Beogh against you.
Beogh smites you! You block the orc priest's attack.
The orc priest begins to cast a cantrip, but forgets the words!
The orc priest mumbles some strange prayers to Beogh against you.
Beogh smites you!
21183 ||| READING 7 scrolls of teleportation.
As you read the scroll of teleportation, it crumbles to dust.
You feel strangely unstable. You block the orc priest's attack. x2
The orc priest calls down the wrath of Beogh upon you.
Beogh smites you!
You die... ###.# ... ... .. .... ... .. .... #.# #.# #..# #### #.# #.# #..# ..\# #####)###.###..# o4.# .)).))..%......# oo.

#.###..........##o###...
#.#
#..}...}....@ยค......
#.# #..........##o###...
#.###.###'###..# o..
......# ...#..# ...#
#.###.# ...#..# ...# #.#
#.# _..#..# ..\#
#.###.#######..######
.....................
.....................


You could see 2 orc high priests, a chaos spawn (summoned) and 4 orc priests.

Vanquished Creatures
  2 orc warlords (Orc:1)
  A dire elephant (Lair:5)
  Snorg (D:10)
  Josephine (Lair:4)
  An ettin (Orc:2)
  An ice dragon (D:15)
  A fire dragon (D:15)
  4 vault guards (D:14)
  4 hydras
  Erolcha (D:11)
  4 boulder beetles
  7 centaur warriors
  3 catoblepae
  3 two-headed ogres
  12 death yaks
  A deep troll shaman (Lair:5)
  5 tengu warriors
  4 orc high priests (Orc:2)
  Sonja (D:11)
  A skyshark (Lair:4)
  11 skeletal warriors
  An orb spider (shapeshifter) (D:13)
  A lindwurm (Lair:2)
  6 deep elf pyromancers
  3 orc knights
  2 orc sorcerers
  2 manticores
  28 ugly things
  7 cyclopes
  14 elephants
  Maurice (D:11)
  Joseph (D:8)
  A rust devil (D:12)
  2 black mambas
  3 torpor snails
  7 cane toads
  3 unseen horrors
  2 rime drakes
  A kobold demonologist (D:11)
  12 komodo dragons
  2 efreet (D:13)
  A freezing wraith (D:14)
  A red devil (D:12)
  2 ice devils (D:11)
  5 polar bears
  3 trolls
  Grinder (D:6)
  10 dream sheep
  10 blink frogs
  19 slime creatures
  2 vampires
  7 wraiths
  4 shadows
  6 wyverns
  A ynoxinul (D:12)
  58 yaks
  4 basilisks
  3 fire bats (Lair:2)
  2 chaos spawn (D:12)
  Eustachio (D:6)
  7 vampire mosquitoes
  A redback (D:13)
  A steam dragon (D:7)
  13 wargs
  An acid dragon (D:10)
  20 water moccasins
  Duvessa (D:6)
  A meliai simulacrum (D:13)
  A swamp drake (Lair:3)
  5 ice beasts
  21 orc warriors
  3 sky beasts
  A boggart (D:13)
  23 wolves
  5 ogres (Orc:1)
  13 centaurs
  2 phantoms
  A kobold brigand (D:11)
  16 bullfrogs
  3 gnoll sergeants
  7 scorpions
  4 water moccasin zombies (Ossuary)
  12 wights
  Dowan (D:6)
  3 killer bees (D:9)
  4 howler monkeys
  A quasit (D:12)
  3 jellies (D:5)
  A hound (D:4)
  2 gnoll boudas
  27 orc priests
  A sleepcap (D:3)
  6 iguanas
  18 orc wizards
  3 mummies
  16 gnolls
  5 adders
  3 white imps
  An ufetubus (D:6)
  6 adder zombies (Ossuary)
  4 worms
  92 orcs
  7 ball pythons
  4 endoplasms
  A giant cockroach (D:1)
  4 goblins
  4 hobgoblins
  5 quokkas
  A bat (D:3)
  5 frilled lizards
  6 gnoll zombies (Ossuary)
  3 hobgoblin zombies (Ossuary)
  10 kobolds
  6 kobold zombies (Ossuary)
  4 orc zombies (Ossuary)
  3 rats
730 creatures vanquished.

Vanquished Creatures (others)
  A rakshasa (D:13)
1 creature vanquished.

Grand Total: 731 creatures vanquished

Notes
Turn   | Place    | Note
-------+----------+-------------------------------------------
     0 | D:1      | qw the Gargoyle Fighter began the quest for the Orb.
     0 | D:1      | Reached XP level 1. HP: 14/14 MP: 1/1
     0 | D:1      | 0 ||| qw: Version: 0.2-a-29-gc1b59c4
     0 | D:1      | 0 ||| qw: Game counter: 4585
     0 | D:1      | 0 ||| qw: Always use a shield: true
     0 | D:1      | 0 ||| qw: God list: Okawaru
     0 | D:1      | 0 ||| qw: Allow faded altars: false
     0 | D:1      | 0 ||| qw: Do Orc after D:15 true
     0 | D:1      | 0 ||| qw: Do second Lair branch before Depths: true
     0 | D:1      | 0 ||| qw: Lair rune preference: random
     0 | D:1      | 0 ||| qw: Plans: Normal, Zot:1-4, Slime:5, God:TSO, Crypt,
                  | Tomb, Abyss, Pan, Hells, Win
     0 | D:1      | 0 ||| PLANNING D:1-11
    19 | D:1      | 19 ||| Stepping ~*~*~tactically~*~*~ (stealth).
    27 | D:1      | Reached skill level 2 in Axes
    30 | D:1      | 30 ||| Stepping ~*~*~tactically~*~*~ (stealth).
   218 | D:1      | Reached XP level 2. HP: 15/19 MP: 2/2
   868 | D:1      | 868 ||| READING scroll labelled MAATHA SULACEMP.
   869 | D:1      | 869 ||| READING scroll labelled FUZEIH MUNGI.
   872 | D:1      | 872 ||| READING scroll labelled ISYECZO QO TAO.
  1022 | D:2      | Reached skill level 3 in Axes
  1022 | D:2      | Reached XP level 3. HP: 23/23 MP: 3/3
  1066 | D:2      | 1066 ||| Stepping ~*~*~tactically~*~*~ (hiding).
  1075 | D:2      | 1075 ||| Stepping ~*~*~tactically~*~*~ (stealth).
  1110 | D:2      | 1110 ||| DROPPING +0 club.
  1328 | D:2      | Found a broken altar of Ashenzari.
  1612 | D:2      | 1612 ||| READING scroll labelled BATA JUWOI.
  1613 | D:2      | 1613 ||| READING scroll labelled MUYRATHRO QIEFF.
  1614 | D:2      | 1614 ||| READING scroll labelled OXUAZO NIUFUUW.
  1615 | D:2      | 1615 ||| READING scroll labelled YRUCZERHET.
  1685 | D:3      | Reached skill level 4 in Axes
  1685 | D:3      | Reached XP level 4. HP: 27/28 MP: 4/4
  1697 | D:3      | 1697 ||| Stepping ~*~*~tactically~*~*~ (stealth).
  1779 | D:3      | 1779 ||| Stepping ~*~*~tactically~*~*~ (stealth).
  1780 | D:3      | 1780 ||| Stepping ~*~*~tactically~*~*~ (stealth).
  1782 | D:3      | 1782 ||| Stepping ~*~*~tactically~*~*~ (hiding).
  1953 | D:3      | 1953 ||| Stepping ~*~*~tactically~*~*~ (hiding).
  2111 | D:3      | Noticed a moth of wrath
  2112 | D:3      | 2112 ||| READING scroll labelled NIFALAQEEG.
  2346 | D:3      | Found a faded altar of an unknown god.
  2588 | D:3      | 2588 ||| READING scroll labelled SOJEVUSARPH.
  2622 | D:4      | 2622 ||| PLANNING OSSUARY
  2747 | D:4      | Found a staircase to the Ecumenical Temple.
  2780 | D:4      | Reached XP level 5. HP: 12/32 MP: 5/5
  3004 | D:4      | Found Waneggarrum's Distillery.
  3013 | D:4      | 3013 ||| BUYING 2 potions of heal wounds (130 gold).
  3013 | D:4      | Bought 2 potions of heal wounds for 130 gold pieces
  3013 | D:4      | 3013 ||| BUYING potion of curing (39 gold).
  3013 | D:4      | Bought a potion of curing for 39 gold pieces
  3013 | D:4      | 3013 ||| SHOPLISTING potion of heal wounds (65 gold, have
                  | 30).
  3013 | D:4      | 3013 ||| SHOPLISTING potion of might (52 gold, have 30).
  3013 | D:4      | 3013 ||| SHOPLISTING potion of mutation (104 gold, have
                  | 30).
  3036 | D:4      | Found a sand-covered staircase.
  3045 | D:4      | Reached skill level 5 in Axes
  3045 | D:4      | 3045 ||| READING scroll labelled YTENYC EKKEMI.
  3046 | D:4      | 3046 ||| READING scroll labelled KUS IVEVEAC.
  3047 | D:4      | 3047 ||| READING 2 scrolls labelled XAS VOIGRAQ.
  3048 | D:4      | 3048 ||| DROPPING scroll of poison.
  3054 | Ossuary  | Entered an ossuary
  3094 | Ossuary  | Reached XP level 6. HP: 30/38 MP: 6/6
  3108 | Ossuary  | Reached skill level 1 in Dodging
  3365 | Ossuary  | Reached XP level 7. HP: 33/43 MP: 7/7
  3427 | Ossuary  | 3427 ||| READING scroll labelled INIYQA YRECOLU.
  3428 | Ossuary  | 3428 ||| READING scroll labelled DEIBRY JORAER.
  3429 | Ossuary  | 3429 ||| DRINKING 2 smoky cyan potions.
  3430 | Ossuary  | 3430 ||| DRINKING 2 fuming green potions.
  3535 | Ossuary  | 3535 ||| DROPPING potion of berserk rage.
  3542 | D:4      | 3542 ||| PLANNING TEMPLE
  3569 | Temple   | Entered the Ecumenical Temple
  3631 | Temple   | 3631 ||| PLANNING OKAWARU WORSHIP
  3696 | Temple   | Became a worshipper of Warmaster Okawaru
  3696 | Temple   | 3696 ||| PLANNING D:1-11
  3730 | D:4      | 3730 ||| STAIRDANCE
  3775 | D:3      | Reached skill level 6 in Axes
  3865 | D:3      | Found an ornate altar of the Wu Jian Council.
  3871 | D:3      | Found a shimmering altar of Xom.
  3872 | D:3      | Found a glowing silver altar of Zin.
  3872 | D:3      | Found a broken altar of Ashenzari.
  3872 | D:3      | Found a basalt altar of Yredelemnul.
  3873 | D:3      | Found a shadowy altar of Dithmenos.
  3874 | D:3      | Found a sparkling altar of Nemelex Xobeh.
  3876 | D:3      | Found a snail-covered altar of Cheibriados.
  3877 | D:3      | Found a shimmering blue altar of Sif Muna.
  3900 | D:3      | 3900 ||| UPGRADING to +0 chain mail.
  3910 | D:3      | 3910 ||| DROPPING +0 scale mail.
  3992 | D:5      | Entered Level 5 of the Dungeon
  4086 | D:5      | Reached skill level 7 in Axes
  4117 | D:5      | 4117 ||| FLEEEEING.
  4118 | D:5      | 4118 ||| FLEEEEING.
  4122 | D:5      | 4122 ||| FLEEEEING.
  4123 | D:5      | 4123 ||| FLEEEEING.
  4124 | D:5      | 4124 ||| FLEEEEING.
  4125 | D:5      | 4125 ||| FLEEEEING.
  4126 | D:5      | 4126 ||| FLEEEEING.
  4127 | D:5      | 4127 ||| FLEEEEING.
  4128 | D:5      | 4128 ||| FLEEEEING.
  4129 | D:5      | 4129 ||| FLEEEEING.
  4146 | D:5      | 4146 ||| FLEEEEING.
  4163 | D:5      | Reached * piety under Okawaru
  4185 | D:5      | 4185 ||| Stepping ~*~*~tactically~*~*~ (stealth).
  4214 | D:5      | 4214 ||| Stepping ~*~*~tactically~*~*~ (stealth).
  4216 | D:5      | 4216 ||| INVOKING Heroism.
  4225 | D:5      | Reached XP level 8. HP: 38/49 MP: 5/8
  4296 | D:5      | 4296 ||| INVOKING Heroism.
  4505 | D:5      | Reached skill level 1 in Invocations
  4580 | D:5      | 4580 ||| Stepping ~*~*~tactically~*~*~ (stealth).
  4589 | D:5      | 4589 ||| INVOKING Heroism.
  4606 | D:5      | 4606 ||| Stepping ~*~*~tactically~*~*~ (stealth).
  4650 | D:5      | 4650 ||| Stepping ~*~*~tactically~*~*~ (hiding).
  4651 | D:5      | 4651 ||| Stepping ~*~*~tactically~*~*~ (hiding).
  4657 | D:5      | 4657 ||| INVOKING Heroism.
  4666 | D:5      | Reached skill level 8 in Axes
  4740 | D:5      | 4740 ||| UPGRADING to amulet of reflection.
  4745 | D:5      | 4745 ||| UPGRADING to ring of resist corrosion.
  4746 | D:5      | 4746 ||| DRINKING 2 bubbling emerald potions.
  4747 | D:5      | 4747 ||| DROPPING potion of degeneration.
  4833 | D:6      | 4833 ||| INVOKING Heroism.
  4833 | D:6      | HP: 12/50 [white imp/puff of frost (6)]
  4834 | D:6      | 4834 ||| DRINKING 7 potions of heal wounds.
  4840 | D:6      | Reached skill level 6 in Fighting
  5012 | D:6      | Reached skill level 3 in Invocations
  5057 | D:6      | Noticed Grinder
  5058 | D:6      | 5058 ||| Stepping ~*~*~tactically~*~*~ (hiding).
  5059 | D:6      | 5059 ||| INVOKING Heroism.
  5063 | D:6      | 5063 ||| Stepping ~*~*~tactically~*~*~ (hiding).
  5068 | D:6      | Paralysed by Grinder for 2 turns
  5074 | D:6      | 5074 ||| Stepping ~*~*~tactically~*~*~ (hiding).
  5081 | D:6      | Paralysed by Grinder for 2 turns
  5088 | D:6      | 5088 ||| INVOKING Heroism.
  5100 | D:6      | Killed Grinder
  5101 | D:6      | Reached XP level 9. HP: 41/55 MP: 9/12
  5189 | D:6      | Reached ** piety under Okawaru
  5190 | D:6      | Reached skill level 9 in Axes
  5202 | D:6      | Noticed Eustachio
  5203 | D:6      | 5203 ||| INVOKING Heroism.
  5228 | D:6      | 5228 ||| INVOKING Heroism.
  5240 | D:6      | Killed Eustachio
  5323 | D:6      | Noticed Duvessa
  5324 | D:6      | 5324 ||| INVOKING Heroism.
  5324 | D:6      | Noticed Dowan
  5325 | D:6      | 5325 ||| Stepping ~*~*~tactically~*~*~ (stealth).
  5326 | D:6      | 5326 ||| Stepping ~*~*~tactically~*~*~ (stealth).
  5335 | D:6      | Killed Duvessa
  5342 | D:6      | Killed Dowan
  5381 | D:6      | 5381 ||| READING scroll labelled QUUPRE ISASA.
  5382 | D:6      | 5382 ||| DRINKING 2 fuming silvery potions.
  5382 | D:6      | Gained mutation: You have a pair of small horns on your
                  | head. [potion of mutation]
  5382 | D:6      | Gained mutation: You are strong-willed. (Will+) [potion of
                  | mutation]
  5383 | D:6      | 5383 ||| READING 3 scrolls of identify.
  5383 | D:6      | 5383 ||| IDENTIFYING fizzy purple potion
  5384 | D:6      | 5384 ||| READING 2 scrolls of identify.
  5384 | D:6      | 5384 ||| IDENTIFYING smoky ruby potion
  5407 | D:5      | 5407 ||| DRINKING 2 pink potions.
  5408 | D:5      | 5408 ||| DROPPING potion of enlightenment.
  5561 | D:6      | Found a sacrificial altar of Ru.
  5872 | D:7      | Found Qeniopi's Magic Scroll Emporium.
  5872 | D:7      | Found Naelat Gie's Book Shop.
  5905 | D:7      | 5905 ||| SHOPLISTING scroll of acquirement (624 gold, have
                  | 203).
  5905 | D:7      | 5905 ||| BUYING scroll of identify (24 gold).
  5905 | D:7      | Bought a scroll of identify for 24 gold pieces
  5905 | D:7      | 5905 ||| BUYING scroll of identify (24 gold).
  5905 | D:7      | Bought a scroll of identify for 24 gold pieces
  5916 | D:7      | 5916 ||| Stepping ~*~*~tactically~*~*~ (stealth).
  5919 | D:7      | 5919 ||| Stepping ~*~*~tactically~*~*~ (hiding).
  5922 | D:7      | 5922 ||| INVOKING Heroism.
  5960 | D:7      | 5960 ||| Stepping ~*~*~tactically~*~*~ (stealth).
  6070 | D:7      | 6070 ||| Stepping ~*~*~tactically~*~*~ (stealth).
  6072 | D:7      | 6072 ||| INVOKING Heroism.
  6079 | D:7      | Reached skill level 10 in Axes
  6154 | D:7      | 6154 ||| DROPPING +0 hand axe.
  6570 | D:7      | 6570 ||| READING 4 scrolls of identify.
  6570 | D:7      | 6570 ||| IDENTIFYING sapphire potion
  6571 | D:7      | 6571 ||| READING 3 scrolls of identify.
  6571 | D:7      | 6571 ||| IDENTIFYING bubbling grey potion
  6572 | D:7      | 6572 ||| READING 2 scrolls of identify.
  6572 | D:7      | 6572 ||| IDENTIFYING cyan potion
  6573 | D:7      | 6573 ||| DROPPING potion of brilliance.
  6574 | D:7      | 6574 ||| DROPPING potion of invisibility.
  6759 | D:8      | 6759 ||| Stepping ~*~*~tactically~*~*~ (stealth).
  6767 | D:8      | Reached XP level 10. HP: 64/64 MP: 13/13
  6900 | D:8      | 6900 ||| Stepping ~*~*~tactically~*~*~ (stealth).
  7195 | D:8      | Noticed Joseph
  7196 | D:8      | 7196 ||| Stepping ~*~*~tactically~*~*~ (hiding).
  7210 | D:8      | Killed Joseph
  7210 | D:8      | Reached *** piety under Okawaru
  7271 | D:8      | 7271 ||| Stepping ~*~*~tactically~*~*~ (stealth).
  7294 | D:8      | 7294 ||| Stepping ~*~*~tactically~*~*~ (stealth).
  7297 | D:8      | 7297 ||| Stepping ~*~*~tactically~*~*~ (stealth).
  7516 | D:8      | 7516 ||| Stepping ~*~*~tactically~*~*~ (stealth).
  7517 | D:8      | 7517 ||| Stepping ~*~*~tactically~*~*~ (stealth).
  7518 | D:8      | 7518 ||| Stepping ~*~*~tactically~*~*~ (stealth).
  7519 | D:8      | 7519 ||| Stepping ~*~*~tactically~*~*~ (hiding).
  7520 | D:8      | 7520 ||| Stepping ~*~*~tactically~*~*~ (hiding).
  7523 | D:8      | 7523 ||| Stepping ~*~*~tactically~*~*~ (hiding).
  7524 | D:8      | 7524 ||| Stepping ~*~*~tactically~*~*~ (hiding).
  7527 | D:8      | 7527 ||| Stepping ~*~*~tactically~*~*~ (hiding).
  7528 | D:8      | 7528 ||| Stepping ~*~*~tactically~*~*~ (hiding).
  7935 | D:8      | 7935 ||| UPGRADING to +0 shadow dragon scales.
  7945 | D:8      | 7945 ||| DROPPING +0 chain mail.
  7946 | D:8      | 7946 ||| READING scroll of enchant armour.
  7946 | D:8      | 7946 ||| ENCHANTING +0 shadow dragon scales.
  7993 | D:9      | 7993 ||| Stepping ~*~*~tactically~*~*~ (stealth).
  7995 | D:9      | 7995 ||| Stepping ~*~*~tactically~*~*~ (stealth).
  7997 | D:9      | 7997 ||| Stepping ~*~*~tactically~*~*~ (stealth).
  7999 | D:9      | 7999 ||| Stepping ~*~*~tactically~*~*~ (stealth).
  8000 | D:9      | 8000 ||| Stepping ~*~*~tactically~*~*~ (stealth).
  8001 | D:9      | 8001 ||| Stepping ~*~*~tactically~*~*~ (stealth).
  8003 | D:9      | 8003 ||| Stepping ~*~*~tactically~*~*~ (stealth).
  8005 | D:9      | 8005 ||| INVOKING Heroism.
  8008 | D:9      | 8008 ||| Stepping ~*~*~tactically~*~*~ (hiding).
  8080 | D:9      | 8080 ||| Stepping ~*~*~tactically~*~*~ (stealth).
  8141 | D:9      | 8141 ||| Stepping ~*~*~tactically~*~*~ (stealth).
  8143 | D:9      | 8143 ||| Stepping ~*~*~tactically~*~*~ (stealth).
  8145 | D:9      | 8145 ||| Stepping ~*~*~tactically~*~*~ (stealth).
  8147 | D:9      | 8147 ||| Stepping ~*~*~tactically~*~*~ (stealth).
  8149 | D:9      | 8149 ||| Stepping ~*~*~tactically~*~*~ (stealth).
  8151 | D:9      | 8151 ||| Stepping ~*~*~tactically~*~*~ (stealth).
  8153 | D:9      | 8153 ||| Stepping ~*~*~tactically~*~*~ (stealth).
  8155 | D:9      | 8155 ||| Stepping ~*~*~tactically~*~*~ (stealth).
  8157 | D:9      | 8157 ||| Stepping ~*~*~tactically~*~*~ (stealth).
  8186 | D:9      | 8186 ||| Stepping ~*~*~tactically~*~*~ (stealth).
  8194 | D:9      | 8194 ||| DROPPING +0 war axe.
  8241 | D:9      | Reached skill level 6 in Armour
  8254 | D:9      | 8254 ||| Stepping ~*~*~tactically~*~*~ (stealth).
  8257 | D:9      | 8257 ||| Stepping ~*~*~tactically~*~*~ (stealth).
  8260 | D:9      | 8260 ||| Stepping ~*~*~tactically~*~*~ (stealth).
  8261 | D:9      | 8261 ||| Stepping ~*~*~tactically~*~*~ (stealth).
  8262 | D:9      | 8262 ||| Stepping ~*~*~tactically~*~*~ (stealth).
  8263 | D:9      | 8263 ||| Stepping ~*~*~tactically~*~*~ (stealth).
  8264 | D:9      | 8264 ||| Stepping ~*~*~tactically~*~*~ (hiding).
  8268 | D:9      | 8268 ||| Stepping ~*~*~tactically~*~*~ (stealth).
  8269 | D:9      | 8269 ||| Stepping ~*~*~tactically~*~*~ (hiding).
  8272 | D:9      | 8272 ||| INVOKING Heroism.
  8275 | D:9      | 8275 ||| Stepping ~*~*~tactically~*~*~ (hiding).
  8317 | D:9      | 8317 ||| Stepping ~*~*~tactically~*~*~ (stealth).
  8324 | D:9      | 8324 ||| Stepping ~*~*~tactically~*~*~ (hiding).
  8370 | D:9      | 8370 ||| Stepping ~*~*~tactically~*~*~ (stealth).
  8381 | D:9      | Reached skill level 11 in Axes
  8488 | D:9      | Reached skill level 1 in Throwing
  8543 | D:9      | Reached **** piety under Okawaru
  8569 | D:9      | 8569 ||| Stepping ~*~*~tactically~*~*~ (stealth).
  8571 | D:9      | 8571 ||| Stepping ~*~*~tactically~*~*~ (stealth).
  8573 | D:9      | 8573 ||| Stepping ~*~*~tactically~*~*~ (stealth).
  8575 | D:9      | 8575 ||| Stepping ~*~*~tactically~*~*~ (stealth).
  8577 | D:9      | 8577 ||| Stepping ~*~*~tactically~*~*~ (stealth).
  8579 | D:9      | 8579 ||| Stepping ~*~*~tactically~*~*~ (stealth).
  8581 | D:9      | 8581 ||| Stepping ~*~*~tactically~*~*~ (stealth).
  8583 | D:9      | 8583 ||| Stepping ~*~*~tactically~*~*~ (stealth).
  8585 | D:9      | 8585 ||| Stepping ~*~*~tactically~*~*~ (stealth).
  8750 | D:9      | 8750 ||| UPGRADING to +0 kite shield.
  8760 | D:9      | 8760 ||| DROPPING +0 buckler.
  8761 | D:9      | 8761 ||| READING 3 scrolls of identify.
  8761 | D:9      | 8761 ||| IDENTIFYING fuming cyan potion
  8783 | D:10     | Entered Level 10 of the Dungeon
  8794 | D:10     | 8794 ||| STAIRDANCE
  8874 | D:10     | 8874 ||| Stepping ~*~*~tactically~*~*~ (stealth).
  8876 | D:10     | 8876 ||| Stepping ~*~*~tactically~*~*~ (stealth).
  8878 | D:10     | 8878 ||| Stepping ~*~*~tactically~*~*~ (stealth).
  8880 | D:10     | 8880 ||| Stepping ~*~*~tactically~*~*~ (stealth).
  8882 | D:10     | 8882 ||| Stepping ~*~*~tactically~*~*~ (stealth).
  8884 | D:10     | 8884 ||| INVOKING Heroism.
  8890 | D:10     | Reached skill level 6 in Shields
  8987 | D:10     | 8987 ||| Stepping ~*~*~tactically~*~*~ (stealth).
  8989 | D:10     | 8989 ||| Stepping ~*~*~tactically~*~*~ (hiding).
  8990 | D:10     | 8990 ||| Stepping ~*~*~tactically~*~*~ (hiding).
  8994 | D:10     | 8994 ||| INVOKING Heroism.
  9003 | D:10     | Reached XP level 11. HP: 66/68 MP: 13/15
  9126 | D:10     | 9126 ||| Stepping ~*~*~tactically~*~*~ (stealth).
  9128 | D:10     | 9128 ||| Stepping ~*~*~tactically~*~*~ (stealth).
  9131 | D:10     | 9131 ||| INVOKING Heroism.
  9133 | D:10     | 9133 ||| Stepping ~*~*~tactically~*~*~ (stealth).
  9146 | D:10     | Reached skill level 6 in Invocations
  9162 | D:10     | 9162 ||| INVOKING Heroism.
  9216 | D:10     | 9216 ||| Stepping ~*~*~tactically~*~*~ (stealth).
  9218 | D:10     | 9218 ||| Stepping ~*~*~tactically~*~*~ (stealth).
  9220 | D:10     | 9220 ||| Stepping ~*~*~tactically~*~*~ (stealth).
  9260 | D:10     | Found a staircase to the Lair.
  9269 | D:10     | 9269 ||| Stepping ~*~*~tactically~*~*~ (stealth).
  9274 | D:10     | 9274 ||| Stepping ~*~*~tactically~*~*~ (stealth).
  9276 | D:10     | 9276 ||| Stepping ~*~*~tactically~*~*~ (stealth).
  9278 | D:10     | 9278 ||| Stepping ~*~*~tactically~*~*~ (stealth).
  9316 | D:10     | 9316 ||| INVOKING Heroism.
  9321 | D:10     | Noticed Snorg
  9333 | D:10     | HP: 15/68 [Snorg (10)]
  9334 | D:10     | 9334 ||| READING scroll of teleportation.
  9334 | D:10     | HP: 2/68 [Snorg (10)]
  9335 | D:10     | 9335 ||| DRINKING 7 potions of heal wounds.
  9519 | D:10     | 9519 ||| Stepping ~*~*~tactically~*~*~ (stealth).
  9524 | D:10     | 9524 ||| Stepping ~*~*~tactically~*~*~ (stealth).
  9595 | D:10     | 9595 ||| INVOKING Heroism.
  9605 | D:10     | Killed Snorg
  9605 | D:10     | Reached ***** piety under Okawaru
  9613 | D:10     | 9613 ||| Stepping randomly (disturbance).
  9614 | D:10     | 9614 ||| UPGRADING to +0 pair of gloves.
  9626 | D:10     | 9626 ||| Stepping randomly (disturbance).
  9741 | D:10     | 9741 ||| Stepping ~*~*~tactically~*~*~ (stealth).
  9751 | D:10     | 9751 ||| Stepping ~*~*~tactically~*~*~ (hiding).
  9903 | D:10     | 9903 ||| PLANNING LAIR
  9920 | Lair:1   | Entered Level 1 of the Lair of Beasts
  9932 | Lair:1   | 9932 ||| Stepping ~*~*~tactically~*~*~ (stealth).
  9934 | Lair:1   | 9934 ||| Stepping ~*~*~tactically~*~*~ (stealth).
  9936 | Lair:1   | 9936 ||| Stepping ~*~*~tactically~*~*~ (stealth).
  9938 | Lair:1   | 9938 ||| Stepping ~*~*~tactically~*~*~ (stealth).
  9940 | Lair:1   | 9940 ||| Stepping ~*~*~tactically~*~*~ (stealth).
  9942 | Lair:1   | 9942 ||| Stepping ~*~*~tactically~*~*~ (stealth).
  9944 | Lair:1   | 9944 ||| Stepping ~*~*~tactically~*~*~ (stealth).
  9946 | Lair:1   | Noticed an eight-headed hydra
  9946 | Lair:1   | 9946 ||| Stepping ~*~*~tactically~*~*~ (stealth).
  9948 | Lair:1   | 9948 ||| INVOKING Heroism.
  9949 | Lair:1   | 9949 ||| INVOKING Finesse.
  9952 | Lair:1   | 9952 ||| SWAPPING to +0 morningstar.
  9961 | Lair:1   | Killed an eight-headed hydra
  9962 | Lair:1   | 9962 ||| SWAPPING to +1 war axe of draining.
 10021 | Lair:1   | 10021 ||| Stepping ~*~*~tactically~*~*~ (stealth).
 10029 | Lair:1   | 10029 ||| INVOKING Heroism.
 10041 | Lair:1   | Reached skill level 9 in Shields
 10043 | Lair:1   | 10043 ||| INVOKING Heroism.
 10058 | Lair:1   | Reached skill level 9 in Invocations
 10144 | Lair:1   | Identified the +6 ring mail of Focus {rPois rN+ Will+}
                  | (Okawaru gifted it to you on level 1 of the Lair of Beasts)
 10144 | Lair:1   | Received a gift from Okawaru
 10182 | Lair:1   | Reached XP level 12. HP: 74/74 MP: 17/19
 10201 | Lair:1   | 10201 ||| Stepping ~*~*~tactically~*~*~ (stealth).
 10202 | Lair:1   | 10202 ||| Stepping ~*~*~tactically~*~*~ (stealth).
 10203 | Lair:1   | 10203 ||| Stepping ~*~*~tactically~*~*~ (stealth).
 10330 | Lair:1   | 10330 ||| Stepping ~*~*~tactically~*~*~ (stealth).
 10331 | Lair:1   | 10331 ||| Stepping ~*~*~tactically~*~*~ (stealth).
 10354 | Lair:1   | 10354 ||| Stepping ~*~*~tactically~*~*~ (stealth).
 10441 | Lair:1   | 10441 ||| Stepping ~*~*~tactically~*~*~ (stealth).
 10443 | Lair:1   | 10443 ||| Stepping ~*~*~tactically~*~*~ (stealth).
 10535 | Lair:1   | 10535 ||| Stepping ~*~*~tactically~*~*~ (stealth).
 10551 | Lair:1   | 10551 ||| Stepping ~*~*~tactically~*~*~ (stealth).
 10553 | Lair:1   | 10553 ||| Stepping ~*~*~tactically~*~*~ (stealth).
 10555 | Lair:1   | 10555 ||| Stepping ~*~*~tactically~*~*~ (stealth).
 10557 | Lair:1   | 10557 ||| Stepping ~*~*~tactically~*~*~ (stealth).
 10559 | Lair:1   | 10559 ||| Stepping ~*~*~tactically~*~*~ (stealth).
 10561 | Lair:1   | 10561 ||| Stepping ~*~*~tactically~*~*~ (stealth).
 10563 | Lair:1   | 10563 ||| Stepping ~*~*~tactically~*~*~ (stealth).
 10565 | Lair:1   | 10565 ||| Stepping ~*~*~tactically~*~*~ (stealth).
 10567 | Lair:1   | 10567 ||| Stepping ~*~*~tactically~*~*~ (stealth).
 10569 | Lair:1   | 10569 ||| Stepping ~*~*~tactically~*~*~ (stealth).
 10571 | Lair:1   | 10571 ||| Stepping ~*~*~tactically~*~*~ (stealth).
 10573 | Lair:1   | 10573 ||| Stepping ~*~*~tactically~*~*~ (stealth).
 10575 | Lair:1   | 10575 ||| Stepping ~*~*~tactically~*~*~ (stealth).
 10577 | Lair:1   | 10577 ||| Stepping ~*~*~tactically~*~*~ (stealth).
 10579 | Lair:1   | 10579 ||| Stepping ~*~*~tactically~*~*~ (stealth).
 10581 | Lair:1   | 10581 ||| Stepping ~*~*~tactically~*~*~ (stealth).
 10599 | Lair:1   | 10599 ||| Stepping ~*~*~tactically~*~*~ (stealth).
 10601 | Lair:1   | 10601 ||| Stepping ~*~*~tactically~*~*~ (stealth).
 10603 | Lair:1   | 10603 ||| Stepping ~*~*~tactically~*~*~ (stealth).
 10605 | Lair:1   | 10605 ||| Stepping ~*~*~tactically~*~*~ (stealth).
 10607 | Lair:1   | 10607 ||| Stepping ~*~*~tactically~*~*~ (stealth).
 10609 | Lair:1   | 10609 ||| Stepping ~*~*~tactically~*~*~ (stealth).
 10704 | Lair:1   | 10704 ||| INVOKING Heroism.
 10781 | Lair:1   | 10781 ||| DROPPING amulet of the acrobat.
 10787 | Lair:2   | 10787 ||| INVOKING Heroism.
 10856 | Lair:2   | 10856 ||| Stepping ~*~*~tactically~*~*~ (stealth).
 10862 | Lair:2   | 10862 ||| Stepping ~*~*~tactically~*~*~ (stealth).
 10864 | Lair:2   | 10864 ||| Stepping ~*~*~tactically~*~*~ (stealth).
 10866 | Lair:2   | 10866 ||| Stepping ~*~*~tactically~*~*~ (stealth).
 10868 | Lair:2   | 10868 ||| Stepping ~*~*~tactically~*~*~ (stealth).
 10950 | Lair:2   | 10950 ||| Stepping ~*~*~tactically~*~*~ (stealth).
 10960 | Lair:2   | Reached skill level 9 in Fighting
 11040 | Lair:2   | 11040 ||| Stepping ~*~*~tactically~*~*~ (stealth).
 11042 | Lair:2   | 11042 ||| Stepping ~*~*~tactically~*~*~ (stealth).
 11044 | Lair:2   | 11044 ||| Stepping ~*~*~tactically~*~*~ (stealth).
 11046 | Lair:2   | 11046 ||| Stepping ~*~*~tactically~*~*~ (stealth).
 11048 | Lair:2   | 11048 ||| Stepping ~*~*~tactically~*~*~ (stealth).
 11071 | Lair:2   | 11071 ||| Stepping ~*~*~tactically~*~*~ (stealth).
 11073 | Lair:2   | 11073 ||| Stepping ~*~*~tactically~*~*~ (stealth).
 11075 | Lair:2   | 11075 ||| Stepping ~*~*~tactically~*~*~ (stealth).
 11077 | Lair:2   | 11077 ||| Stepping ~*~*~tactically~*~*~ (stealth).
 11081 | Lair:2   | 11081 ||| Stepping ~*~*~tactically~*~*~ (stealth).
 11165 | Lair:2   | 11165 ||| INVOKING Heroism.
 11319 | Lair:2   | 11319 ||| Stepping ~*~*~tactically~*~*~ (stealth).
 11561 | Lair:2   | 11561 ||| Stepping ~*~*~tactically~*~*~ (stealth).
 11563 | Lair:2   | 11563 ||| Stepping ~*~*~tactically~*~*~ (stealth).
 11565 | Lair:2   | 11565 ||| Stepping ~*~*~tactically~*~*~ (stealth).
 11567 | Lair:2   | 11567 ||| Stepping ~*~*~tactically~*~*~ (stealth).
 11569 | Lair:2   | 11569 ||| INVOKING Heroism.
 11729 | Lair:2   | 11729 ||| UPGRADING to +6 ring of dexterity.
 11730 | Lair:2   | 11730 ||| READING scroll labelled JECUTAGEXE.
 11780 | Lair:2   | 11780 ||| READING 7 scrolls of identify.
 11780 | Lair:2   | 11780 ||| IDENTIFYING murky red potion
 11803 | Lair:3   | 11803 ||| PLANNING GAUNTLET
 11804 | Lair:3   | 11804 ||| Stepping ~*~*~tactically~*~*~ (stealth).
 11806 | Lair:3   | 11806 ||| Stepping ~*~*~tactically~*~*~ (stealth).
 11807 | Lair:3   | 11807 ||| INVOKING Heroism.
 11826 | Lair:3   | Reached skill level 3 in Dodging
 11864 | Lair:3   | 11864 ||| Stepping ~*~*~tactically~*~*~ (stealth).
 11895 | Lair:3   | Found a staircase to the Swamp.
 11918 | Lair:3   | Noticed a five-headed hydra
 11919 | Lair:3   | 11919 ||| Stepping ~*~*~tactically~*~*~ (stealth).
 11921 | Lair:3   | 11921 ||| INVOKING Heroism.
 11922 | Lair:3   | 11922 ||| INVOKING Finesse.
 11926 | Lair:3   | 11926 ||| SWAPPING to +0 morningstar.
 11931 | Lair:3   | Killed a five-headed hydra
 11932 | Lair:3   | Reached skill level 12 in Axes
 11932 | Lair:3   | 11932 ||| SWAPPING to +1 war axe of draining.
 12020 | Lair:3   | 12020 ||| INVOKING Heroism.
 12151 | Lair:3   | Reached XP level 13. HP: 64/80 MP: 20/20
 12227 | Lair:3   | 12227 ||| Stepping ~*~*~tactically~*~*~ (stealth).
 12232 | Lair:3   | 12232 ||| RIP GAUNTLET
 12236 | Lair:3   | 12236 ||| PLANNING LAIR
 12236 | Lair:3   | 12236 ||| READING scroll labelled UPTESANUIRCH.
 12458 | Lair:3   | 12458 ||| Stepping ~*~*~tactically~*~*~ (stealth).
 12460 | Lair:3   | 12460 ||| Stepping ~*~*~tactically~*~*~ (stealth).
 12462 | Lair:3   | 12462 ||| Stepping ~*~*~tactically~*~*~ (stealth).
 12492 | Lair:3   | 12492 ||| INVOKING Heroism.
 12493 | Lair:3   | 12493 ||| INVOKING Finesse.
 12500 | Lair:3   | 12500 ||| SWAPPING to +0 morningstar.
 12507 | Lair:3   | 12507 ||| SWAPPING to +1 war axe of draining.
 12805 | Lair:3   | 12805 ||| DROPPING amulet of regeneration.
 12825 | Lair:4   | 12825 ||| INVOKING Heroism.
 12827 | Lair:4   | Reached skill level 3 in Throwing
 12941 | Lair:4   | 12941 ||| FLEEEEING.
 12943 | Lair:4   | 12943 ||| FLEEEEING.
 12945 | Lair:4   | 12945 ||| INVOKING Heroism.
 12947 | Lair:4   | 12947 ||| INVOKING Finesse.
 12961 | Lair:4   | Received a gift from Okawaru
 12961 | Lair:4   | Found the +16 obsidian axe {drain, demonic, Mesm Drain Fly
                  | SInv}
 13006 | Lair:4   | 13006 ||| SWAPPING to +16 obsidian axe {drain, demonic,
                  | Mesm Drain Fly SInv}.
 13015 | Lair:4   | 13015 ||| INVOKING Heroism.
 13102 | Lair:4   | Identified the +8 chain mail of the Iron City of Dis
                  | {Contam rPois Will+}
 13187 | Lair:4   | Noticed Josephine
 13191 | Lair:4   | 13191 ||| INVOKING Heroism.
 13201 | Lair:4   | Killed Josephine
 13205 | Lair:4   | Reached skill level 13 in Axes
 13205 | Lair:4   | 13205 ||| INVOKING Finesse.
 13234 | Lair:4   | Reached skill level 9 in Armour
 13248 | Lair:4   | Received a gift from Okawaru
 13258 | Lair:4   | 13258 ||| INVOKING Heroism.
 13408 | Lair:4   | 13408 ||| READING scroll of enchant armour.
 13408 | Lair:4   | 13408 ||| ENCHANTING +0 pair of gloves.
 13661 | Lair:4   | 13661 ||| UPGRADING to +8 chain mail of the Iron City of
                  | Dis {Contam rPois Will+}.
 13671 | Lair:4   | 13671 ||| DROPPING +1 shadow dragon scales.
 13672 | Lair:4   | 13672 ||| UPGRADING to +0 cloak.
 13677 | Lair:4   | 13677 ||| DROPPING ring of magical power.
 13691 | Lair:5   | Entered Level 5 of the Lair of Beasts
 13714 | Lair:5   | 13714 ||| Stepping ~*~*~tactically~*~*~ (stealth).
 13737 | Lair:5   | Reached skill level 14 in Axes
 13739 | Lair:5   | Gained mutation: Your large and strong wings let you fly.
                  | [Gargoyle growth]
 13739 | Lair:5   | Reached XP level 14. HP: 81/88 MP: 21/21
 13744 | Lair:5   | 13744 ||| Stepping ~*~*~tactically~*~*~ (stealth).
 13817 | Lair:5   | 13817 ||| INVOKING Heroism.
 13818 | Lair:5   | 13818 ||| INVOKING Finesse.
 13822 | Lair:5   | Received a gift from Okawaru
 13948 | Lair:5   | Found a viscous altar of Jiyva.
 13948 | Lair:5   | Found a staircase to the Slime Pits.
 13987 | Lair:5   | Found a runed translucent door.
 13989 | Lair:5   | Noticed qw's ghost (journeyman GrFi)
 14166 | Lair:5   | 14166 ||| Stepping ~*~*~tactically~*~*~ (hiding).
 14171 | Lair:5   | 14171 ||| INVOKING Heroism.
 14172 | Lair:5   | 14172 ||| INVOKING Finesse.
 14183 | Lair:5   | Reached skill level 12 in Shields
 14425 | Lair:5   | Found a shimmering blue altar of Sif Muna.
 14553 | Lair:5   | Noticed a dire elephant
 14554 | Lair:5   | 14554 ||| INVOKING Heroism.
 14561 | Lair:5   | Killed a dire elephant
 14561 | Lair:5   | Identified the +0 pair of gloves of the Rabble {Dex+3
                  | Stlth+} (Okawaru gifted it to you on level 5 of the Lair of
                  | Beasts)
 14561 | Lair:5   | Received a gift from Okawaru
 14571 | Lair:5   | 14571 ||| INVOKING Finesse.
 14611 | Lair:5   | Identified the +0 fire dragon scales of Loss {rF++ rC-
                  | Regen+}
 14707 | Lair:5   | 14707 ||| PLANNING D:1-11
 14707 | Lair:5   | 14707 ||| DROPPING +0 pair of gloves of the Rabble {Dex+3
                  | Stlth+}.
 14880 | D:11     | Noticed Sonja
 14881 | D:11     | 14881 ||| INVOKING Finesse.
 14892 | D:11     | Killed Sonja
 15086 | D:11     | 15086 ||| Stepping ~*~*~tactically~*~*~ (stealth).
 15090 | D:11     | 15090 ||| Stepping ~*~*~tactically~*~*~ (hiding).
 15192 | D:11     | Noticed Maurice
 15201 | D:11     | 15201 ||| INVOKING Heroism.
 15202 | D:11     | 15202 ||| INVOKING Finesse.
 15203 | D:11     | 15203 ||| INVOKING Finesse.
 15206 | D:11     | Killed Maurice
 15321 | D:11     | 15321 ||| Stepping ~*~*~tactically~*~*~ (stealth).
 15384 | D:11     | Found a frozen archway.
 15536 | D:11     | Noticed Erolcha
 15537 | D:11     | 15537 ||| INVOKING Heroism.
 15540 | D:11     | Killed Erolcha
 15607 | D:11     | 15607 ||| PLANNING D
 15607 | D:11     | 15607 ||| UPGRADING to +0 pair of boots.
 15652 | D:12     | 15652 ||| Stepping ~*~*~tactically~*~*~ (stealth).
 15667 | D:12     | 15667 ||| INVOKING Heroism.
 15671 | D:12     | Reached skill level 15 in Axes
 15764 | D:12     | 15764 ||| Stepping ~*~*~tactically~*~*~ (stealth).
 15838 | D:12     | 15838 ||| Stepping ~*~*~tactically~*~*~ (stealth).
 15919 | D:12     | 15919 ||| Stepping ~*~*~tactically~*~*~ (hiding).
 15922 | D:12     | 15922 ||| INVOKING Heroism.
 15947 | D:12     | Reached skill level 12 in Fighting
 15958 | D:12     | 15958 ||| INVOKING Heroism.
 15965 | D:12     | Reached XP level 15. HP: 83/96 MP: 20/22
 16037 | D:12     | Found a staircase to the Orcish Mines.
 16193 | D:12     | Received a gift from Okawaru
 16201 | D:12     | 16201 ||| Stepping ~*~*~tactically~*~*~ (hiding).
 16206 | D:12     | 16206 ||| INVOKING Heroism.
 16533 | D:12     | 16533 ||| UPGRADING to +1 kite shield of positive energy.
 16543 | D:12     | 16543 ||| DROPPING +0 kite shield.
 16650 | D:13     | 16650 ||| Stepping ~*~*~tactically~*~*~ (stealth).
 16674 | D:13     | 16674 ||| INVOKING Heroism.
 16693 | D:13     | 16693 ||| Stepping ~*~*~tactically~*~*~ (stealth).
 16694 | D:13     | 16694 ||| Stepping ~*~*~tactically~*~*~ (stealth).
 16696 | D:13     | 16696 ||| DROPPING +2 war axe.
 16697 | D:13     | 16697 ||| DROPPING +1 war axe of draining.
 16701 | D:13     | 16701 ||| Stepping ~*~*~tactically~*~*~ (stealth).
 16716 | D:13     | 16716 ||| INVOKING Heroism.
 16728 | D:13     | Reached skill level 16 in Axes
 16744 | D:13     | 16744 ||| Stepping ~*~*~tactically~*~*~ (stealth).
 16745 | D:13     | 16745 ||| Stepping ~*~*~tactically~*~*~ (hiding).
 16746 | D:13     | 16746 ||| Stepping ~*~*~tactically~*~*~ (hiding).
 16747 | D:13     | 16747 ||| Stepping ~*~*~tactically~*~*~ (hiding).
 16748 | D:13     | 16748 ||| Stepping ~*~*~tactically~*~*~ (hiding).
 16755 | D:13     | 16755 ||| INVOKING Heroism.
 16763 | D:13     | Reached skill level 6 in Throwing
 16766 | D:13     | 16766 ||| INVOKING Finesse.
 16936 | D:13     | 16936 ||| Stepping ~*~*~tactically~*~*~ (hiding).
 16938 | D:13     | 16938 ||| Stepping ~*~*~tactically~*~*~ (hiding).
 16943 | D:13     | 16943 ||| INVOKING Heroism.
 16958 | D:13     | 16958 ||| Stepping ~*~*~tactically~*~*~ (stealth).
 16959 | D:13     | 16959 ||| Stepping ~*~*~tactically~*~*~ (stealth).
 17013 | D:13     | 17013 ||| Stepping ~*~*~tactically~*~*~ (stealth).
 17025 | D:13     | 17025 ||| Stepping ~*~*~tactically~*~*~ (stealth).
 17031 | D:13     | Received a gift from Okawaru
 17041 | D:13     | 17041 ||| INVOKING Heroism.
 17375 | D:13     | 17375 ||| Stepping ~*~*~tactically~*~*~ (hiding).
 17535 | D:13     | 17535 ||| Stepping ~*~*~tactically~*~*~ (hiding).
 17820 | D:13     | 17820 ||| UPGRADING to +0 pair of gloves of strength.
 17830 | D:13     | 17830 ||| DROPPING +1 pair of gloves.
 17844 | D:14     | You are sucked into a shaft and drop 1 floor!
 17844 | D:15     | Entered Level 15 of the Dungeon
 17883 | D:15     | 17883 ||| INVOKING Heroism.
 17961 | D:14     | 17961 ||| INVOKING Heroism.
 18144 | D:14     | Found a gate to the Vaults.
 18161 | D:14     | Received a gift from Okawaru
 18234 | D:14     | 18234 ||| INVOKING Heroism.
 18242 | D:14     | Received a gift from Okawaru
 18274 | D:14     | Reached XP level 16. HP: 101/101 MP: 23/23
 18289 | D:14     | Reached skill level 17 in Axes
 18546 | D:14     | 18546 ||| Stepping ~*~*~tactically~*~*~ (stealth).
 18550 | D:14     | Received a gift from Okawaru
 18863 | D:15     | 18863 ||| INVOKING Heroism.
 19028 | D:15     | Found an opulent altar of Gozag.
 19152 | D:15     | 19152 ||| FLEEEEING.
 19155 | D:15     | 19155 ||| FLEEEEING.
 19156 | D:15     | 19156 ||| FLEEEEING.
 19160 | D:15     | 19160 ||| STAIRDANCE
 19267 | D:15     | 19267 ||| Stepping ~*~*~tactically~*~*~ (hiding).
 19268 | D:15     | 19268 ||| INVOKING Heroism.
 19274 | D:15     | Received a gift from Okawaru
 19308 | D:15     | 19308 ||| FLEEEEING.
 19311 | D:15     | 19311 ||| STAIRDANCE
 19479 | D:15     | 19479 ||| Stepping ~*~*~tactically~*~*~ (stealth).
 19540 | D:15     | Found a staircase to the Depths.
 19615 | D:15     | Received a gift from Okawaru
 19616 | D:15     | 19616 ||| Stepping ~*~*~tactically~*~*~ (stealth).
 19617 | D:15     | 19617 ||| Stepping ~*~*~tactically~*~*~ (stealth).
 19825 | D:15     | 19825 ||| PLANNING ORC
 19968 | Orc:1    | Entered Level 1 of the Orcish Mines
 19987 | Orc:1    | 19987 ||| Stepping ~*~*~tactically~*~*~ (stealth).
 19990 | Orc:1    | 19990 ||| Stepping ~*~*~tactically~*~*~ (hiding).
 19991 | Orc:1    | 19991 ||| Stepping ~*~*~tactically~*~*~ (hiding).
 19992 | Orc:1    | 19992 ||| INVOKING Heroism.
 19993 | Orc:1    | 19993 ||| INVOKING Finesse.
 19995 | Orc:1    | 19995 ||| Stepping ~*~*~tactically~*~*~ (hiding).
 20011 | Orc:1    | 20011 ||| Stepping ~*~*~tactically~*~*~ (stealth).
 20041 | Orc:1    | 20041 ||| Stepping ~*~*~tactically~*~*~ (hiding).
 20043 | Orc:1    | 20043 ||| Stepping ~*~*~tactically~*~*~ (hiding).
 20044 | Orc:1    | 20044 ||| Stepping ~*~*~tactically~*~*~ (hiding).
 20045 | Orc:1    | 20045 ||| Stepping ~*~*~tactically~*~*~ (hiding).
 20046 | Orc:1    | 20046 ||| Stepping ~*~*~tactically~*~*~ (hiding).
 20215 | Orc:1    | 20215 ||| Stepping ~*~*~tactically~*~*~ (stealth).
 20216 | Orc:1    | 20216 ||| Stepping ~*~*~tactically~*~*~ (stealth).
 20226 | Orc:1    | 20226 ||| INVOKING Heroism.
 20238 | Orc:1    | Received a gift from Okawaru
 20345 | Orc:1    | 20345 ||| INVOKING Heroism.
 20440 | Orc:2    | Entered Level 2 of the Orcish Mines
 20463 | Orc:2    | Found a staircase to the Elven Halls.
 20471 | Orc:1    | 20471 ||| INVOKING Heroism.
 20472 | Orc:1    | 20472 ||| INVOKING Finesse.
 20610 | Orc:1    | 20610 ||| DROPPING +1 war axe of electrocution.
 20676 | Orc:2    | 20676 ||| INVOKING Heroism.
 20734 | Orc:2    | 20734 ||| Stepping ~*~*~tactically~*~*~ (hiding).
 20736 | Orc:2    | 20736 ||| Stepping ~*~*~tactically~*~*~ (hiding).
 20889 | Orc:2    | 20889 ||| Stepping ~*~*~tactically~*~*~ (stealth).
 20890 | Orc:2    | 20890 ||| INVOKING Heroism.
 20969 | Orc:2    | 20969 ||| Stepping ~*~*~tactically~*~*~ (hiding).
 20987 | Orc:2    | 20987 ||| INVOKING Heroism.
 21028 | Orc:2    | 21028 ||| Stepping ~*~*~tactically~*~*~ (stealth).
 21034 | Orc:2    | 21034 ||| Stepping ~*~*~tactically~*~*~ (hiding).
 21035 | Orc:2    | 21035 ||| Stepping ~*~*~tactically~*~*~ (hiding).
 21066 | Orc:2    | 21066 ||| Stepping ~*~*~tactically~*~*~ (stealth).
 21076 | Orc:2    | 21076 ||| Stepping ~*~*~tactically~*~*~ (stealth).
 21083 | Orc:2    | 21083 ||| INVOKING Heroism.
 21085 | Orc:2    | 21085 ||| Stepping ~*~*~tactically~*~*~ (hiding).
 21166 | Orc:2    | 21166 ||| Stepping ~*~*~tactically~*~*~ (hiding).
 21169 | Orc:2    | Found Riumonou's Armour Emporium.
 21169 | Orc:2    | Found Jugubiah's Weapon Shop.
 21170 | Orc:2    | 21170 ||| INVOKING Heroism.
 21182 | Orc:2    | HP: 24/104 [orc priest/divine providence (9)]
 21182 | Orc:2    | HP: 9/104 [orc priest/divine providence (15)]
 21183 | Orc:2    | 21183 ||| READING 7 scrolls of teleportation.
 21183 | Orc:2    | Killed from afar by an orc priest

Levels and vault maps discovered:
D:1:      scummos_arrival_simple_fountains, layout_loops_corners,
          dreamdust_princess_bridge, minmay_domino_4
D:2:      minmay_general_purpose_star, layout_basic, basic_altar
D:3:      layout_loops_ring, tgw_trog, minitemple,
          shapermc_ecumenical_altar_petra
D:4:      layout_gridville, minmay_temple_entry_waves,
          gup_ossuary_entry_pyramid, nicolae_stop_n_shop_1
D:5:      kb_forest_paths, layout_rooms
D:6:      layout_loops_ring, kennysheep_mini_moat, minmay_misc_feat_cross,
          minmay_starry_boxes, uniq_eustachio, uniq_grinder, uniq_duvessa
D:7:      layout_loops_ring, serial_shops, shop, shop,
          chequers_serial_rivers_small_a
D:8:      layout_layer_cave, uniq_joseph
D:9:      layout_rooms
D:10:     layout_basic, hellmonk_lair_entry_icy, minmay_misc_feat_plants,
          uniq_snorg
D:11:     layout_long_grid, portal_ice_cave_demonic_guard, uniq_sonja,
          uniq_erolcha, uniq_maurice
D:12:     layout_roguey, david_orc_4, serial_demonic, serial_demonic_b,
          serial_demonic_f, serial_demonic_e, serial_demonic_f,
          kennysheep_generic_room_15
D:13:     minmay_the_grid_octo_tiled_octocenter_mashed
          [minmay_the_grid_octo_checkerflower,
          minmay_the_grid_octo_tetromino_candy, minmay_the_grid_octo_fan_narrow,
          minmay_the_grid_octo_thin_diamonds, minmay_the_grid_octo_prize_big_c,
          minmay_the_grid_square_5x5_inner_v,
          minmay_the_grid_square_5x5_gyroscope,
          minmay_the_grid_square_5x5_inverted_slash,
          minmay_the_grid_square_5x5_doubleslash], layout_long_grid
D:14:     layout_long_grid, lightli_vaults_fourway_checkpoint, glass_columns_c,
          serial_rivers, chequers_serial_rivers_large_a,
          chequers_serial_rivers_micro_c, chequers_serial_rivers_small_a,
          chequers_serial_rivers_micro_b, chequers_serial_rivers_small_b,
          chequers_serial_rivers_micro_b
D:15:     grunt_enter_depths_hoard, layout_rooms, nicolae_gozag_seed_capital,
          serial_corexii_hall, chequers_hall_statues_y, corexii_hall_statues_t,
          hellmonk_bongcloud_opening
Temple:   jpeg_temple_clearing
Lair:1:   layout_roguey
Lair:2:   layout_gridlike, pdpol_lair_neglected_garden,
          chequers_serial_rivers_micro_a
Lair:3:   layout_chaotic_city, minmay_swamp_entry_reptiles,
          hellmonk_spider_entry_not_the_bees, gauntlet_entry_generic,
          grunt_megastairs_3
Lair:4:   layout_big_grid, uniq_josephine
Lair:5:   grunt_lair_end_beastmaster, layout_gridlike, slime_entry_1,
          ebering_ghost_inner_flame, basic_altar, lemuel_fruit_tree
Orc:1:    layout_diamond_mine, basic_altar
Orc:2:    st_orc_town, layout_caves, basic_altar

Skill      XL: |  1  2  3  4  5  6  7  8  9 10 11 12 13 14 15 16 |
---------------+-------------------------------------------------+-----
Axes           | 2 3 4 5 7 8 10 11 12 14 15 16 17 | 17.7
Fighting       | 4 5 6 8 9 10 12 13 | 13.0
Dodging        | 1 2 3 4 5 |  5.0
Invocations    | 4 5 9 10 | 10.0
Shields        | 4 6 9 10 11 12 13 | 13.0
Armour         | 4 6 7 8 9 10 | 10.0
Throwing       | 1 2 3 5 6 7 |  7.1

Action                     |  1- 3 |  4- 6 |  7- 9 | 10-12 | 13-15 | 16-18 || total
---------------------------+-------+-------+-------+-------+-------+-------++-------
  Melee: War axe           |   102 |   241 |   293 |   630 |    28 |       ||  1294
         Headbutt          |       |       |     8 |   133 |   142 |    34 ||   317
         Morningstar       |       |       |       |    14 |     6 |       ||    20
         Broad axe         |       |       |       |       |   594 |   202 ||   796
  Throw: Boomerang         |       |       |       |    25 |    88 |    62 ||   175
         Javelin           |       |       |       |    21 |    32 |    30 ||    83
 Invoke: Heroism           |       |       |    12 |    18 |    23 |    11 ||    64
         Finesse           |       |       |       |     2 |     9 |     2 ||    13
    Use: Scroll            |     7 |     5 |     8 |     5 |     2 |     1 ||    28
         Potion            |       |       |     6 |     1 |       |       ||     7
   Stab: Sleeping          |       |       |       |     2 |       |       ||     2
         Petrified         |       |       |       |       |     4 |       ||     4
         Petrifying        |       |       |       |       |     1 |       ||     1
 Armour: Scale mail        |    55 |   105 |     2 |       |       |       ||   162
         Chain mail        |       |       |   118 |    14 |   154 |    44 ||   330
         Shadow dragon sca |       |       |       |   249 |    55 |       ||   304
  Dodge: Dodged            |    43 |    86 |    78 |   140 |   150 |    51 ||   548
  Block: Buckler           |    19 |    35 |   104 |    72 |       |       ||   230
         Kite shield       |       |       |       |   335 |   404 |   143 ||   882
         Reflection        |       |       |       |     2 |    40 |     4 ||    46

Table legend:
 A = Non-vault XP
 B = Vault XP
 C = Vault XP percentage of total XP
 D = Non-vault monster count
 E = Vault monster count
 F = Vault count percentage of total count
                 A         B        C        D         E       F
            +---------+---------+-------+---------+---------+-------
      Total |  109570 |   52063 |  32.2 |     523 |     208 |  28.5
            +---------+---------+-------+---------+---------+-------
        D:1 |      13 |       5 |  27.8 |       7 |       4 |  36.4
        D:2 |      37 |       5 |  11.9 |      15 |       3 |  16.7
        D:3 |     120 |       0 |   0.0 |      19 |       0 |   0.0
        D:4 |      81 |      18 |  18.2 |       4 |       1 |  20.0
        D:5 |     723 |     239 |  24.8 |      24 |       4 |  14.3
        D:6 |     827 |    1025 |  55.3 |      10 |      12 |  54.5
        D:7 |    1017 |       0 |   0.0 |      13 |       0 |   0.0
        D:8 |    1099 |     460 |  29.5 |      16 |       1 |   5.9
        D:9 |    2776 |       0 |   0.0 |      37 |       0 |   0.0
       D:10 |    3258 |    2360 |  42.0 |      33 |       9 |  21.4
       D:11 |    3851 |    2504 |  39.4 |      18 |       5 |  21.7
       D:12 |   12210 |    3010 |  19.8 |      34 |      24 |  41.4
       D:13 |    3491 |   14302 |  80.4 |      11 |      29 |  72.5
       D:14 |   15891 |    8385 |  34.5 |      31 |      12 |  27.9
       D:15 |   10978 |    1768 |  13.9 |      22 |       2 |   8.3
     Lair:1 |    7293 |       0 |   0.0 |      37 |       0 |   0.0
     Lair:2 |    4079 |       0 |   0.0 |      15 |       0 |   0.0
     Lair:3 |    5758 |    1995 |  25.7 |      15 |      13 |  46.4
     Lair:4 |   15710 |    1550 |   9.0 |      46 |       4 |   8.0
     Lair:5 |   10224 |    9462 |  48.1 |      39 |      16 |  29.1
      Orc:1 |    7125 |       0 |   0.0 |      62 |       0 |   0.0
      Orc:2 |    3009 |    4575 |  60.3 |      15 |      38 |  71.7
    Ossuary |       0 |     400 | 100.0 |       0 |      31 | 100.0
            +---------+---------+-------+---------+---------+-------
